 Dungeon Crawl Stone Soup version 0.30-a0-1085-g990a428a5c (webtiles) character file.

Game seed: 3604234025319137803

1878 voltaire321 the Slasher (level 9, 0/66 HPs)
             Began as a Merfolk Summoner on Apr 16, 2023.
             Slain by a gnoll sergeant
             ... wielding a +3 spear of venom
              (3 damage)
             ... on level 7 of the Dungeon.
             The game lasted 00:17:32 (6650 turns).

voltaire321 the Slasher (Merfolk Summoner)          Turns: 6650, Time: 00:17:33

Health: 0/66       AC: 14    Str:  9 (12) XL:     9   Next: 14%
Magic:  5/15       EV: 14    Int: 11 (14) God:
Gold:   374        SH:  0    Dex: 14 (15) Spells: 10/16 levels left

rFire   . . .      SeeInvis +    p - +1 double sword (protect)
rCold   . . .      Faith    .    (no shield)
rNeg    . . .      Spirit   .    d - +1 leather armour
rPois   .          Reflect  .    (no helmet)
rElec   .          Rampage  .    (no cloak)
rCorr   +                        x - +2 pair of gloves
Will    .....                    (no boots)
Stlth   ++                       (no amulet)
HPRegen 0.31/turn                r - ring of resist corrosion
MPRegen 0.14/turn                u - ring of see invisible

@: lethally poisoned (0 -> -9), under a protective aura
A: (nimble swimmer 2), mertail
a: no special abilities


You were on level 7 of the Dungeon.
You visited 1 branch of the dungeon, and saw 7 of its levels.

You collected 374 gold pieces.

Inventory:

Hand Weapons
 p - a +1 double sword of protection (weapon)
Armour
 d - a +1 leather armour (worn)
 q - a scarf of resistance
 x - a +2 pair of gloves (worn)
Jewellery
 r - a ring of resist corrosion (left hand)
 s - a ring of flight
 u - a ring of see invisible (right hand)
Scrolls
 f - a scroll of enchant armour
 m - a scroll of fear
 n - a scroll of poison
Potions
 b - a potion of magic
 g - 6 potions of flight
 j - 4 potions of brilliance
 v - a potion of might
 w - a potion of haste


   Skills:
 + Level 4.5 Fighting
 * Level 6.8 Long Blades
 + Level 3.0 Armour
 + Level 6.3 Dodging
 - Level 2.1 Stealth
 + Level 4.4 Spellcasting
 + Level 6.3 Summonings


You had 10 spell levels left.
You knew the following spells:

 Your Spells              Type           Power      Damage    Failure   Level
a - Summon Small Mammal   Summ           64%        N/A       2%          1
b - Call Imp              Summ           32%        N/A       3%          2
c - Call Canine Familiar  Summ           16%        N/A       7%          3

Your spell library contained the following spells:

 Spells                   Type           Power      Damage    Failure   Level
 Summon Guardian Golem    Hex/Summ       9%         N/A       26%         3
 Summon Lightning Spire   Summ/Air       9%         N/A       63%         4


Dungeon Overview and Level Annotations

Branches:
Dungeon (7/15)             Temple (0/1) D:7

Altars:
Makhleb
Ru


Innate Abilities, Weirdness & Mutations

((You are very nimble when in or above water. (Stealth+, EV+, Speed+++)))
Your lower body shifts to a powerful aquatic tail in water.


Message History

The orc wizard is moderately wounded.
You feel sick.
The gnoll sergeant throws a stone.
The stone hits you. The orc wizard casts a spell at you.
The puff of flame hits you.
* * * LOW HITPOINT WARNING * * *
Casting: Call Imp (safe; 2% risk of failure)
Press: ? - help, Q - select action, (/) - cycle Dir - look around, f - activate A tiny devil pulls itself out of the air.
You feel sick. The gnoll sergeant closely misses you.
The orc wizard barely misses you.
You hit the orc wizard.
The orc wizard is moderately wounded.
You feel sick.
The orc wizard hits you but does no damage.
The gnoll sergeant hits you from afar with a +3 spear of venom.
* * * LOW HITPOINT WARNING * * *
You are more poisoned.
Your cerulean imp hits the gnoll sergeant but does no damage.
You closely miss the orc wizard.
The orc wizard is moderately wounded.
You feel sick.
The orc wizard hits you but does no damage.
The gnoll sergeant hits you from afar with a +3 spear of venom.
* * * LOW HITPOINT WARNING * * *
Your cerulean imp completely misses the gnoll sergeant.
You feel better.
The orc wizard hits you but does no damage.
The gnoll sergeant hits you from afar with a +3 spear of venom!
* * * LOW HITPOINT WARNING * * *
You are lethally poisoned!
Your cerulean imp barely misses the gnoll sergeant.
It was a potion of degeneration.
There was something very wrong with that liquid.
You feel weakened.
You feel dopey.
You feel clumsy.
* * * LOW HITPOINT WARNING * * *
You feel very sick.
The orc wizard gestures wildly while chanting.
The orc wizard flickers and vanishes for a moment.
The gnoll sergeant hits you from afar with a +3 spear of venom.
You die...

*,,,,,,,,,,,,*
#:.ggg..#
*,,****,******
####o####
*,,,***,* #g#
*,*,,**,******
#g#
*,,,,,,,,,,,,**
#g#
*,,,,,,,*,***,**
#5# ****,,**,**
*#,* #.# *,,,,,*
#o####g# **,**,**
*#oo@5gg#
*,,,,,**#.#######
******,,,** *****


You could see a gnoll sergeant (ally target), an orc wizard (invisible), 2
gnolls, 2 orcs and a friendly cerulean imp (summoned).

Vanquished Creatures
  Pikel (D:6)
  2 water moccasins (D:6)
  A black bear (D:6)
  An ogre (D:4)
  2 lemures (D:6)
  A bullfrog (D:6)
  2 scorpions
  A gnoll bouda (D:4)
  2 orc priests
  A jelly (D:5)
  An iguana (D:5)
  7 orc wizards
  3 gnolls
  6 adders
  2 white imps
  A worm (D:3)
  14 orcs
  9 ball pythons
  8 bats
  7 endoplasms
  A giant cockroach (D:2)
  2 goblins
  A hobgoblin (D:2)
  7 jackals
  3 kobolds
  4 quokkas
  2 frilled lizards (D:1)
  7 rats
99 creatures vanquished.

Vanquished Creatures (collateral kills)
  2 ogres
  A killer bee (D:7)
  A jelly (D:5)
  An orc priest (D:7)
  2 iguanas (D:6)
  An adder (D:5)
  2 gnolls (D:4)
  2 orcs
  A giant cockroach (D:1)
  2 goblins
  2 hobgoblins (D:2)
  3 jackals (D:5)
  A ball python (D:2)
  A bat (D:2)
  A rat (D:2)
23 creatures vanquished.

Grand Total: 122 creatures vanquished

Notes
Turn   | Place    | Note
-------+----------+-------------------------------------------
     0 | D:1      | voltaire321 the Merfolk Summoner began the quest for the
                  | Orb.
     0 | D:1      | Reached XP level 1. HP: 13/13 MP: 3/3
   341 | D:1      | Reached XP level 2. HP: 20/20 MP: 5/5
   377 | D:1      | You fall into a shaft and drop 1 floor!
   587 | D:2      | Learned a level 2 spell: Call Imp
   724 | D:2      | Reached XP level 3. HP: 25/25 MP: 4/6
   993 | D:1      | Found a faded altar of an unknown god.
  1018 | D:1      | Reached skill level 1 in Fighting
  2043 | D:3      | Noticed a scorpion
  2054 | D:3      | HP: 1/26 [poisoned by a scorpion]
  2058 | D:3      | Killed a scorpion
  2059 | D:3      | Reached skill level 1 in Long Blades
  2059 | D:3      | Reached skill level 1 in Armour
  2059 | D:3      | Reached XP level 4. HP: 13/32 MP: 5/7
  2176 | D:3      | Reached XP level 5. HP: 37/37 MP: 5/8
  2269 | D:3      | Learned a level 3 spell: Call Canine Familiar
  2361 | D:3      | Found a burning altar of Makhleb.
  3285 | D:4      | Identified the +9 flail of the Hand {heavy, rN+ Str+3 Int+2
                  | Stlth-}
  3314 | D:4      | Reached skill level 5 in Summonings
  3314 | D:4      | Reached XP level 6. HP: 36/44 MP: 7/10
  4069 | D:5      | Entered Level 5 of the Dungeon
  4085 | D:5      | Reached XP level 7. HP: 33/51 MP: 6/11
  5158 | D:6      | Reached skill level 5 in Dodging
  5212 | D:6      | Reached XP level 8. HP: 40/58 MP: 13/13
  5306 | D:6      | Reached skill level 5 in Long Blades
  5332 | D:6      | Found a sacrificial altar of Ru.
  5339 | D:6      | Noticed Pikel
  5354 | D:6      | Killed Pikel
  6442 | D:7      | Reached XP level 9. HP: 62/65 MP: 9/15
  6650 | D:7      | HP: 3/66 [poisoned by a gnoll sergeant]
  6650 | D:7      | Slain by a gnoll sergeant

Illustrated notes

Levels and vault maps discovered:
D:1:      dpeg_arrival_boxes_within_box, layout_basic,
          hellmonk_ecumenical_altar_zigzags, chequers_jeans, minmay_cut_off
D:2:      layout_loops_ring, chequers_arboretum
D:3:      layout_basic, lemuel_crystal_altar, feat_on_display
D:4:      layout_basic, serial_corexii_hall, corexii_hall_statues_i,
          corexii_hall_statues_l
D:5:      layout_loops_cross
D:6:      layout_basic, nicolae_ru_awakened_eye, hangedman_decor_riveting,
          uniq_pikel
D:7:      layout_loops_cross, nicolae_ashenzari_skybound,
          minmay_temple_entry_tees, uniq_maggie

Skill      XL: |  1  2  3  4  5  6  7  8  9 |
---------------+----------------------------+-----
Dodging        | 3 4 5 6 |  6.3
Fighting       | 1 2 3 4 |  4.5
Long Blades    | 1 2 3 4 6 |  6.8
Armour         | 1 2 3 |  3.0
Summonings     | 5 6 |  6.3
Spellcasting   | 3 4 |  4.4
Stealth        | |  2.1

Action                     |  1- 3 |  4- 6 |  7- 9 || total
---------------------------+-------+-------+-------++-------
  Melee: Whip              |    81 |       |       ||    81
         Short sword       |    75 |       |       ||    75
         Punch             |     1 |     1 |     1 ||     3
         Double sword      |    13 |    84 |    88 ||   185
   Cast: Call Imp          |     7 |    12 |    16 ||    35
         Summon Small Mamm |     1 |       |       ||     1
         Call Canine Famil |       |     3 |    10 ||    13
    Use: Potion            |     3 |       |     4 ||     7
         Scroll            |       |       |    11 ||    11
   Stab: Sleeping          |    10 |     4 |     1 ||    15
         Distracted        |       |     1 |     3 ||     4
 Armour: Robe              |     8 |       |       ||     8
         Leather armour    |    64 |    26 |    25 ||   115
  Dodge: Dodged            |   125 |    93 |    84 ||   302

Table legend: (Time is in decaauts)
 A = Elapsed time spent in this place.
 B = Non-inter-level travel time spent in this place.
 C = Inter-level travel time spent in this place.
 D = Time resting spent in this place.
 E = Time spent auto-exploring this place.
 F = Levels seen in this place.
 G = Mean time per level.
                   A        B        C        D        E       F      G
               +--------+--------+--------+--------+--------+-----+--------+
         Total |   6794 |   6485 |    309 |   1649 |   3414 |   7 |  970.6 |
       Dungeon |   6794 |   6485 |    309 |   1649 |   3414 |   7 |  970.6 |
               +--------+--------+--------+--------+--------+-----+--------+

Top non-repeatable levels by time:
     D:4: 1175 daAuts
     D:5: 1092 daAuts
     D:6: 1089 daAuts
     D:3: 1068 daAuts
     D:1: 1005 daAuts
     D:2: 904 daAuts
     D:7: 459 daAuts
